Map: Tryton ER

Players

Fawi

  • Race: Zerg Zerg
  • League: Gold
  • Spawn Location: 11:00

kers - Winner!

  • Race: Protoss Protoss
  • League: Platinum
  • Spawn Location: 5:00

VOD

Have the link to the VOD?

Description

Time

  • Played on: March 2, 2020, 2:08 p.m.
  • Length: 15:18
Show
View Real Time Build Order
Export as new Build Order

Fawi Zerg 

Build Orders: Hatch First 

Get SALT Encoding   

  12  0:01  Drone  
  13  0:13  Overlord  
  13  0:17  Drone  
  14  0:32  Drone x2  
  16  0:41  Drone  
  17  0:53  Drone  
  18  1:02  Drone  
  19  1:04  Hatchery  
  18  1:17  Spawning Pool  
  17  1:18  Drone  
  17  1:22  Drone  
  19  1:25  Extractor  
  19  1:31  Drone  
  19  1:41  Drone  
  20  1:51  Drone  
  21  2:01  Overlord  
  21  2:16  Queen  
  21  2:19  Drone x2  
  25  2:24  Queen  
  25  2:27  Zergling x2  
  28  2:30  Hatchery  
  28  2:36  Zergling x4  
  29  2:49  Drone x2  
  31  2:57  Drone x2  
  33  3:00  Queen  
  35  3:07  Drone  
  35  3:08  Overlord  
  35  3:11  Metabolic Boost  
  36  3:21  Roach Warren  
  36  3:22  Overlord  
  35  3:32  Drone  
  36  3:35  Drone, Queen  
  39  3:45  Drone x2  
  39  3:46  Drone x3  
  44  3:50  Extractor  
  44  3:52  Lair  
  43  3:56  Drone  
  43  3:58  Extractor  
  43  4:06  Overlord  
  43  4:08  Roach x2  
  47  4:10  Roach  
  49  4:24  Drone x3  
  52  4:31  Roach x2  
  52  4:32  Roach x3  
  63  4:38  Drone x2  
  63  4:41  Overlord  
  63  4:45  Spore Crawler  
  63  4:47  Spore Crawler  
  62  4:55  Overlord  
  62  5:02  Spore Crawler  
  62  5:03  Drone x3  
  62  5:05  Drone  
  66  5:07  Drone  
  66  5:13  Glial Reconstitution  
  66  5:27  Hydralisk Den  
  65  5:28  Evolution Chamber  
  65  5:32  Overlord x2  
  65  5:34  Drone x2  
  66  5:39  Drone  
  66  5:40  Drone x2  
  66  5:41  Evolution Chamber  
  68  5:48  Drone x2  
  70  5:52  Drone  
  70  5:53  Drone x4  
  75  6:01  Zerg Missile Weapons Level 1  
  75  6:03  Muscular Augments  
  75  6:05  Drone x2  
  75  6:09  Zerg Ground Armor Level 1  
  77  6:13  Drone x2  
  77  6:14  Overlord  
  79  6:21  Hydralisk  
  79  6:22  Hydralisk  
  83  6:31  Spore Crawler  
  82  6:35  Spore Crawler  
  82  6:37  Hydralisk x3  
  82  6:38  Hydralisk  
  89  6:44  Spore Crawler, Extractor, Drone x2  
  89  6:45  Drone  
  89  6:46  Extractor  
  89  6:52  Drone x4  
  89  6:53  Drone x3  
  96  6:55  Hydralisk  
  98  7:12  Hydralisk x3  
  104  7:18  Overlord x2  
  104  7:20  Overlord  
  104  7:24  Hatchery  
  104  7:29  Hydralisk  
  103  7:31  Overlord x2  
  105  7:49  Hydralisk x6  
  105  7:50  Hydralisk x2  
  105  7:51  Zergling x4  
  123  7:52  Zergling x2  
  123  7:57  Grooved Spines  
  123  7:58  Zerg Missile Weapons Level 2  
  124  8:01  Zergling x2  
  124  8:02  Zergling x4  
  127  8:05  Overlord  
  127  8:07  Overlord  
  128  8:20  Zergling x16  
  128  8:21  Zergling x2  
  136  8:31  Zerg Ground Armor Level 2  
  136  8:32  Infestation Pit  
  136  8:33  Hydralisk x2  
  139  8:35  Zergling x4  
  139  8:40  Zergling x2  
  139  8:41  Zergling x2  
  143  9:02  Hydralisk  
  143  9:03  Hydralisk  
  143  9:04  Zergling x14  
  143  9:05  Overlord x2  
  154  9:12  Overlord  
  154  9:15  Zergling x8  
  158  9:23  Zergling x14  
  158  9:24  Zergling x2, Overlord x2  
  166  9:25  Zergling x4  
  166  9:29  Hive  
  168  9:32  Hydralisk  
  170  9:50  Zergling x10, Hydralisk x2  
  170  9:51  Hydralisk x4  
  187  10:09  Overlord x2  
  187  10:15  Drone x2  
  187  10:16  Drone  
  190  10:24  Zerg Melee Weapons Level 1  
  190  11:02  Spire, Extractor  
  188  11:09  Nydus Network  
  129  11:34  Zergling x6  
  129  11:35  Zergling x16  
  129  11:36  Zergling x14  
  113  11:47  Zergling x4, Hydralisk x4  
  113  11:48  Hydralisk x6  
  113  11:49  Hydralisk x4  
  113  11:53  Zergling x14  
  144  12:41  Mutalisk x9  
  144  12:42  Mutalisk  
  164  13:08  Mutalisk x2  
  164  13:09  Roach, Mutalisk x5  
  165  13:34  Mutalisk x5  
  151  13:53  Mutalisk x2  
  134  14:04  Zergling x10  
  139  14:16  Zergling x6  
  138  14:37  Hatchery  
  90  14:40  Hatchery  
  68  14:51  Mutalisk x6  
Show
View Real Time Build Order
Export as new Build Order

kers Protoss - Winner!

Build Orders:  

Get SALT Encoding   

  12  0:00  Probe  
  13  0:12  Probe  
  14  0:20  Pylon  
  14  0:25  Probe  
  15  0:38  Probe  
  15  0:39  Gateway  
  16  0:49  Assimilator  
  16  0:50  Probe (Chrono Boost)  
  17  1:02  Probe (Chrono Boost)  
  18  1:08  Probe (Chrono Boost)  
  19  1:16  Probe  
  20  1:28  Probe, Cybernetics Core  
  21  1:34  Pylon  
  21  1:51  Nexus  
  21  1:58  Warp Gate (Chrono Boost)  
  21  1:59  Probe  
  22  2:06  Adept  
  24  2:12  Probe  
  25  2:24  Probe  
  26  2:38  Shield Battery  
  26  2:41  Robotics Facility  
  27  2:44  Probe  
  27  2:46  Assimilator  
  27  2:56  Probe  
  28  3:08  Probe  
  29  3:13  Adept  
  31  3:20  Probe  
  32  3:31  Pylon  
  32  3:32  Probe  
  33  3:37  Gateway  
  33  3:39  Gateway  
  33  3:44  Probe  
  35  3:48  Observer  
  35  3:56  Probe  
  35  3:58  Sentry  
  38  4:06  Gateway x2  
  38  4:09  Forge  
  38  4:13  Immortal (Chrono Boost), Twilight Council  
  42  4:18  Probe  
  42  4:21  Probe  
  44  4:30  Probe  
  44  4:31  Assimilator  
  45  4:33  Probe, Assimilator  
  45  4:37  Robotics Bay  
  46  4:42  Probe  
  46  4:44  Observer  
  46  4:45  Probe  
  48  4:50  Pylon  
  48  4:52  Observer  
  49  4:53  Pylon  
  49  4:54  Probe  
  49  4:57  Probe  
  51  5:07  Probe  
  51  5:09  Probe  
  51  5:12  Charge  
  53  5:14  Protoss Ground Weapons Level 1 (Chrono Boost)  
  53  5:20  Probe  
  54  5:21  Probe  
  55  5:32  Probe  
  55  5:33  Probe, Zealot x5  
  67  5:46  Probe x2, Pylon  
  69  5:58  Probe  
  69  6:01  Colossus (Chrono Boost)  
  69  6:02  Pylon  
  69  6:04  Probe, Pylon, Extended Thermal Lance (Chrono Boost)  
  70  6:10  Probe  
  78  6:20  Probe  
  78  6:22  Probe  
  78  6:23  Pylon  
  78  6:24  Pylon  
  80  6:32  Probe  
  80  6:34  Shield Battery  
  80  6:35  Probe  
  80  6:38  Photon Cannon  
  82  6:44  Colossus (Chrono Boost)  
  82  6:45  Probe  
  90  6:47  Probe  
  90  6:54  Sentry  
  90  6:57  Probe, Stalker x3  
  90  6:59  Probe, Stalker  
  102  7:08  Protoss Ground Armor Level 1, Observer  
  102  7:09  Probe, Pylon  
  102  7:10  Pylon  
  102  7:11  Probe  
  104  7:21  Probe  
  105  7:23  Probe  
  106  7:33  Probe  
  106  7:35  Probe  
  108  7:37  Nexus  
  108  7:40  Pylon, Colossus (Chrono Boost)  
  114  7:45  Probe  
  114  7:46  Gravitic Boosters  
  114  7:47  Probe  
  116  7:54  Pylon  
  116  7:56  Pylon  
  116  7:57  Probe  
  117  8:01  Probe  
  117  8:04  Photon Cannon  
  118  8:09  Assimilator  
  119  8:13  Assimilator  
  119  8:18  Probe x2  
  120  8:30  Probe, Colossus (Chrono Boost)  
  127  8:41  Templar Archives  
  127  8:43  Gateway  
  127  8:44  Gateway  
  127  8:45  Gateway  
  127  8:51  Zealot  
  127  8:52  Zealot x2  
  133  9:03  Probe x3  
  133  9:08  Colossus (Chrono Boost)  
  136  9:11  Pylon  
  136  9:14  Protoss Ground Weapons Level 2 (Chrono Boost)  
  136  9:15  Probe x2  
  136  9:16  Pylon  
  144  9:17  Pylon, Sentry x2  
  144  9:23  High Templar x2, Observer  
  152  9:27  Archon  
  152  9:39  Pylon  
  152  9:40  Pylon  
  152  9:42  Pylon  
  152  9:43  Pylon  
  152  9:58  Colossus (Chrono Boost)  
  158  10:00  Robotics Facility  
  158  10:01  Robotics Facility  
  158  10:10  High Templar x3  
  158  10:11  High Templar  
  158  10:14  Archon  
  166  10:15  Archon  
  166  10:26  Zealot x4  
  174  10:30  Photon Cannon  
  174  10:32  Photon Cannon  
  174  10:38  Warp Prism (Chrono Boost)  
  176  10:47  Zealot x5  
  180  11:30  Zealot x3  
  180  11:31  Zealot x5  
  170  11:35  Protoss Ground Armor Level 2 (Chrono Boost)  
  170  11:38  Colossus x3  
  168  11:58  Zealot  
  168  11:59  Zealot x7  
  166  12:33  High Templar x4  
  166  12:34  High Templar x2  
  178  12:38  Archon x3  
  178  12:55  Zealot x2  
  182  13:03  Gateway x2  
  182  13:04  Zealot x2  
  182  13:05  Gateway, Zealot x4  
  194  13:08  Gateway  
  194  13:13  Zealot  
  192  13:31  Observer x2  
  180  13:43  Zealot x8  
  146  14:12  High Templar x2  
  146  14:13  High Templar x7  
  146  14:14  High Templar  
  166  14:19  Archon  
  166  14:20  Archon x3  
  166  14:21  Archon  
  166  14:33  Zealot  
  160  14:46  Stalker x3  
  160  14:47  Stalker x2  
  168  15:00  Gateway x2  
  168  15:04  Zealot x3  
  168  15:05  Zealot x3  
  170  15:17  Nexus  
Tags
 
Matchup
PvZ
Spawn Locations
Cross Positions
Add a new tag
Caveats
  • Supply blocks, unpowered buildings, or Contaminate may cause inaccurate times.
  • Supply counts are checked every 10 seconds.